 Dungeon Crawl Stone Soup version 0.31-a0-1338-gb567cfdca4 (webtiles) character file.

Game seed: 3828662001089536526

108 gelatine the Shooter (level 4, -6/34 HPs)
             Began as a Demonspawn Hunter on Dec 22, 2023.
             Killed by divine providence
             ... invoked by an orc priest
              (13 damage)
             ... on level 4 of the Dungeon.
             The game lasted 00:04:31 (2213 turns).

gelatine the Shooter (Demonspawn Hunter)            Turns: 2213, Time: 00:04:32

Health: -6/34      AC:  5    Str: 11    XL:     4   Next: 58%
Magic:  4/4        EV: 12    Int:  9    God:
Gold:   133        SH:  0    Dex: 19    Spells: 3/3 levels left

rFire   . . .        a - +0 shortbow
rCold   . . .        (shield currently unavailable)
rNeg    . . .        c - +0 leather armour
rPois   .            (no helmet)
rElec   .            i - +0 cloak
rCorr   .            h - +0 pair of gloves
SInv    .            (no boots)
Will    .....        (no amulet)
Stlth   ++           (no ring)
HPRegen 0.25/turn    (no ring)
MPRegen 0.09/turn

%: no passive effects
@: lethally poisoned (-6 -> -11)
A: hooves 1, spiny 1, sturdy frame 1
a: no special abilities


You were on level 4 of the Dungeon.
You visited 1 branch of the dungeon, and saw 4 of its levels.

You collected 133 gold pieces.

Inventory:

Hand Weapons
 a - a +0 shortbow (weapon)
 d - a +1 hand axe of venom
Armour
 c - a +0 leather armour (worn)
 h - a +0 pair of gloves (worn)
 i - a +0 cloak (worn)
 p - a +0 scale mail
Jewellery
 q - a ring of fire
Wands
 r - a wand of digging (2)
Scrolls
 b - a scroll of butterflies
 f - a scroll of fear {unknown}
 g - 2 scrolls of identify {unknown}
 m - a scroll of teleportation {unknown}
 n - a scroll of silence {unknown}
 o - a scroll of enchant weapon {unknown}
 s - a scroll of vulnerability {unknown}
Potions
 e - a potion of resistance {unknown}
 j - a potion of degeneration {unknown}
 k - a potion of attraction {unknown}
 l - a potion of cancellation {unknown}


   Skills:
 * Level 2.3 Fighting
 * Level 4.8 Ranged Weapons
 * Level 1.1 Armour
 * Level 2.1 Dodging
 * Level 1.4 Stealth


You had 3 spell levels left.
You didn't know any spells.
Your spell library contained the following spells:

 Spells                   Type           Power      Damage    Failure   Level
 Freeze                   Ice            0%         1d3       41%         1
 Magic Dart               Conj           0%         1d3       41%         1
 Searing Ray              Conj           0%         2d4       54%         2
 Fulminant Prism          Conj/Alch      0%         3d5       99%         4


Dungeon Overview and Level Annotations

Branches:
Dungeon (4/15)
 Temple: D:4-7

Altars:
Ru


Innate Abilities, Weirdness & Mutations

You have large cloven feet.
You are partially covered in sharp spines.
Your movements are slightly less encumbered by armour. (ER -2)


Message History

You are too injured to fight recklessly!
You are too injured to fight recklessly!
Fire: a) +0 shortbow
Press: ? - help, Q - select action Shift-Dir - straight line, f/p - orc priest
Aim: an orc priest, wielding a +0 short sword and wearing a +0 ring mail (lightly wounded, 68% to hit)
You shoot an arrow.
The arrow hits the orc priest but does no damage.
The orc priest is lightly wounded.
An adder comes into view.
Fire: a) +0 shortbow
Press: ? - help, Q - select action Shift-Dir - straight line, f/p - orc priest
Aim: an orc priest, wielding a +0 short sword and wearing a +0 ring mail (lightly wounded, 68% to hit)
You shoot an arrow.
The arrow hits the orc priest but does no damage.
The orc priest is lightly wounded.
The adder bites you.
You are poisoned.
The adder poisons you!
Fire: a) +0 shortbow
Press: ? - help, Q - select action Shift-Dir - straight line, f/p - orc priest
Aim: an orc priest, wielding a +0 short sword and wearing a +0 ring mail (lightly wounded, 68% to hit)
You shoot an arrow. The arrow hits the orc priest!
The orc priest is severely wounded.
You feel sick. The adder bites you but does no damage.
A quokka comes into view.
An orc comes into view. It is wielding a +0 club.
You feel sick. The adder attacks as it pursues you!
The adder closely misses you. The adder is struck by your spines.
The adder bites you.
You are more poisoned.
The adder poisons you!
You feel sick.
The orc priest casts a cantrip, but nothing happens.
The adder attacks as it pursues you! The adder bites you.
* * * LOW HITPOINT WARNING * * *
* * * LOW HITPOINT WARNING * * *
You feel sick.
The orc priest invokes the aid of Beogh against you.
Beogh smites you!
You die...

#. ##...#. #.
...!.. #. .o..#
#.####.#..#
#......o..##.
#............
#......#.##.#
######.#S###..#
#.......@## #.#
#.#####..# .#
#.#......# #
#.#.###.#.###.)
#.#.###.#....#.
#.#.##.........
#.#.##.####.###
#########.#.#...##
..
..........(...#..#
##


You could see an orc priest, an adder and an orc.

Vanquished Creatures
  Jessica (D:3)
  3 adders
  A worm (D:3)
  A dart slug (D:3)
  4 endoplasms
  3 giant cockroaches
  2 goblins
  8 hobgoblins
  3 kobolds
  4 quokkas
  6 ball pythons
  4 bats
  4 frilled lizards
  4 rats
48 creatures vanquished.

Notes
Turn   | Place    | Note
-------+----------+-------------------------------------------
     0 | D:1      | gelatine the Demonspawn Hunter began the quest for the Orb.
     0 | D:1      | Reached XP level 1. HP: 16/16 MP: 1/1
   186 | D:1      | Reached skill level 1 in Stealth
   186 | D:1      | Gained mutation: You have large cloven feet. [demonic
                  | ancestry]
   186 | D:1      | Reached XP level 2. HP: 22/22 MP: 2/2
   254 | D:1      | Found a faded altar of an unknown god.
   261 | D:1      | Got Plato's Information on Cold
   281 | D:1      | Reached skill level 4 in Ranged Weapons
   660 | D:2      | Gained mutation: Your movements are slightly less
                  | encumbered by armour. (ER -2) [demonic ancestry]
   660 | D:2      | Reached XP level 3. HP: 24/27 MP: 3/3
  1784 | D:3      | Found a sacrificial altar of Ru.
  1800 | D:3      | Reached skill level 1 in Armour
  1852 | D:3      | Gained mutation: You are partially covered in sharp spines.
                  | [demonic ancestry]
  1852 | D:3      | Reached XP level 4. HP: 33/33 MP: 4/4
  2064 | D:3      | Noticed Jessica
  2070 | D:3      | Killed Jessica
  2213 | D:4      | Killed from afar by an orc priest

Illustrated notes

Levels and vault maps discovered:
D:1:      wander_arrival_fairy_ring, layout_basic,
          shapermc_ecumenical_altar_rom_forum, kennysheep_decorative_pillar
D:2:      layout_basic, serial_curves, eino_curves_02, eino_curves_01,
          eino_curves_03, eino_curves_03
D:3:      wad_crossroads, layout_basic, nicolae_ru_sacrificial_ziggurat,
          minmay_misc_feat_pillars, uniq_jessica
D:4:      layout_loops_ring, nicolae_uskayaw_en_pointe, kennysheep_mini_moat

Skill      XL: |  1  2  3 |
---------------+----------+-----
Stealth        | 1 |  1.4
Ranged Weapons | 4 |  4.8
Dodging        | 2 |  2.1
Armour         | 1 |  1.1
Fighting       | |  2.3

Action                     |  1- 3 |  4- 6 || total
---------------------------+-------+-------++-------
   Fire: Shortbow          |   133 |    25 ||   158
 Armour: Leather armour    |    25 |     5 ||    30
  Dodge: Dodged            |    34 |     1 ||    35

Table legend: (Time is in decaauts)
 A = Elapsed time spent in this place.
 B = Non-inter-level travel time spent in this place.
 C = Inter-level travel time spent in this place.
 D = Time resting spent in this place.
 E = Time spent auto-exploring this place.
 F = Levels seen in this place.
 G = Mean time per level.
                   A        B        C        D        E       F      G
               +--------+--------+--------+--------+--------+-----+--------+
         Total |   2245 |   2179 |     66 |      0 |   1835 |   4 |  561.2 |
       Dungeon |   2245 |   2179 |     66 |      0 |   1835 |   4 |  561.2 |
               +--------+--------+--------+--------+--------+-----+--------+

Top non-repeatable levels by time:
     D:3: 852 daAuts
     D:2: 801 daAuts
     D:1: 532 daAuts
     D:4: 58 daAuts
